 Dungeon Crawl Stone Soup version 0.20.1-1-g8b1a95d (webtiles) character file.

92 Ladykiller69 the Chucker (level 4, -6/42 HPs)
             Began as a Troll Hunter on Aug 16, 2017.
             Mangled by an orc
             ... wielding a +0 flail
              (11 damage)
             ... on level 2 of the Dungeon.
             The game lasted 00:02:40 (1475 turns).

Ladykiller69 the Chucker (Troll Hunter)             Turns: 1475, Time: 00:02:41

Health: -6/42      AC:  5    Str: 20    XL:     4   Next: 35%
Magic:  3/3        EV: 10    Int:  7    God:
Gold:   92         SH:  0    Dex: 11    Spells: 3/3 levels left

rFire    . . .     SeeInvis .     - Unarmed
rCold    . . .     Gourm    +   (no shield)
rNeg     . . .     Faith    .   b - +0 robe
rPois    .         Spirit   .   (helmet restricted)
rElec    .         Reflect  .   (no cloak)
rCorr    .         Harm     .   (gloves unavailable)
MR       .....                  (boots unavailable)
Stlth    +.........             (no amulet)
Regen    0.6/turn               (no ring)
MPRegen  0.1/turn               (no ring)

@: slowed, very slow
A: unfitting armour, claws 3, fast metabolism 3, gourmand, regeneration 1,
shaggy fur 1, tough skin 2
a: no special abilities


You were on level 2 of the Dungeon.
You were very full.

You visited 1 branch of the dungeon, and saw 3 of its levels.

You collected 92 gold pieces.

Inventory:

Hand Weapons
 a - a +0 short sword
Missiles
 c - 11 large rocks (quivered)
 d - 2 throwing nets
Armour
 b - a +0 robe (worn)
Jewellery
 o - an uncursed ring of protection from magic {unknown}
Scrolls
 e - a scroll of noise {unknown}
 h - a scroll of teleportation {unknown}
 i - a scroll of immolation {unknown}
 l - 2 scrolls of identify {unknown}
 m - a scroll of recharging {unknown}
 q - a scroll of random uselessness {unknown}
 r - a scroll of remove curse {unknown}
Potions
 g - 2 potions of degeneration {unknown}
 n - 2 potions of curing {unknown}
Comestibles
 f - 3 bread rations
 j - 2 royal jellies
 k - a meat ration
 p - 4 fruits


   Skills:
 + Level 1.9 Fighting
 + Level 4.1 Throwing
 + Level 2.2 Dodging
 - Level 0.3 Stealth
 * Level 2.3 Unarmed Combat


You had 3 spell levels left.
You didn't know any spells.

Dungeon Overview and Level Annotations

Branches:
Dungeon (3/15)

Altars:

Annotations:
D:3 Purgy


Innate Abilities, Weirdness & Mutations

You are too large for most types of armour.
You have claws for hands.
Your metabolism is lightning-fast.
You like to eat raw meat.
Your natural rate of healing is unusually fast.
You are covered in fur. (AC +1)
You have very tough skin. (AC +2)


Message History

You are too injured to fight recklessly!
You are too injured to fight recklessly!
You are too injured to fight recklessly!
You barely miss the orc priest. The orc hits you with a trident.
The orc hits you with a flail.
* * * LOW HITPOINT WARNING * * *
The orc priest hits you with a war axe.
* * * LOW HITPOINT WARNING * * *
You claw the orc!
You kill the orc!
The orc hits you with a flail.
* * * LOW HITPOINT WARNING * * *
The orc priest misses you.
You barely miss the orc priest. The orc hits you with a flail.
* * * LOW HITPOINT WARNING * * *
The orc priest barely misses you.
You scratch the orc priest.
The orc priest is moderately wounded.
The orc hits you with a flail!
You die...

######################
#..............o@)...#
#..############o####.#
.....# #.####.##
...#.# #...†...#
##.#.# ######..# #.#.#
#..# #.#.# #..# ##)#.#
#..# .)>#.# #..#


You could see an orc priest and an orc.

Vanquished Creatures
  3 gnolls (D:2)
  An adder (D:2)
  3 dart slugs
  A leopard gecko (D:1)
  3 orcs (D:2)
  2 giant cockroaches
  6 goblins
  7 hobgoblins
  2 ball pythons
  5 bats
  3 frilled lizards
  5 kobolds
  6 rats
47 creatures vanquished.

Notes
Turn   | Place    | Note
-------+----------+-------------------------------------------
     0 | D:1      | Ladykiller69 the Troll Hunter began the quest for the Orb.
     0 | D:1      | Reached XP level 1. HP: 19/19 MP: 0/0
   121 | D:1      | Reached skill level 1 in Unarmed Combat
   154 | D:1      | Reached XP level 2. HP: 27/27 MP: 1/1
   855 | D:2      | Reached XP level 3. HP: 35/35 MP: 2/2
   899 | D:2      | Reached skill level 4 in Throwing
   986 | D:2      | Reached XP level 4. HP: 39/42 MP: 3/3
  1425 | D:3      | Noticed Purgy
  1475 | D:2      | Mangled by an orc

Skill      XL: |  1  2  3 |
---------------+----------+-----
Unarmed Combat | 1 2 |  2.3
Throwing       | 4 |  4.1
Dodging        | 2 |  2.2
Fighting       | |  1.9
Stealth        | |  0.3

Action                   |  1- 3 |  4- 6 || total
-------------------------+-------+-------++-------
Melee: Unarmed           |    93 |    41 ||   134
 Stab: Sleeping          |     1 |       ||     1
  Eat: Chunk             |    15 |     2 ||    17
Armor: Robe              |    32 |     5 ||    37
Dodge: Dodged            |    53 |    28 ||    81
